Map: Para Site LE

Players

Wooby

  • Race: Terran Terran
  • Spawn Location: 5:00

Mesrob - Winner!

  • Race: Protoss Protoss
  • League: Gold
  • Spawn Location: 11:00

VOD

Have the link to the VOD?

Description

Time

  • Played on: Jan. 21, 2019, 1:34 p.m.
  • Length: 8:49
Show
View Real Time Build Order
Export as new Build Order

Wooby Terran 

Build Orders:  

Get SALT Encoding   

  12  0:02  SCV  
  13  0:14  Supply Depot  
  13  0:19  SCV  
  14  0:31  SCV  
  15  0:37  Barracks  
  15  0:43  SCV  
  16  0:51  Barracks  
  16  0:55  SCV  
  17  1:08  SCV  
  18  1:19  Refinery  
  18  1:20  SCV  
  19  1:26  Marine  
  19  1:32  Supply Depot, SCV  
  21  1:42  Marine  
  22  1:48  Marine  
  22  1:53  SCV  
  24  2:05  SCV  
  24  2:06  Marine  
  24  2:07  Marine  
  27  2:15  Supply Depot  
  27  2:18  SCV  
  28  2:22  Command Center  
  28  2:27  Marine  
  28  2:29  Barracks Tech Lab  
  28  2:35  SCV  
  29  2:47  Supply Depot  
  29  2:50  SCV  
  30  2:53  Marine  
  31  3:02  Orbital Command  
  31  3:07  Engineering Bay  
  31  3:13  Stimpack  
  31  3:29  SCV  
  31  3:30  Factory  
  31  3:31  Refinery  
  32  3:36  Marine x2  
  34  3:48  Orbital Command  
  34  3:52  SCV  
  35  4:04  SCV  
  35  4:06  Missile Turret x2  
  36  4:10  Marine  
  36  4:15  Terran Infantry Weapons Level 1  
  37  4:30  Marine, Marauder  
  38  4:48  Marine  
  38  4:52  Marauder, Combat Shield, SCV  
  37  4:58  Barracks  
  37  5:01  Barracks  
  37  5:02  SCV  
  37  5:04  SCV  
  37  5:05  Marine  
  40  5:12  Marine  
  41  5:14  SCV  
  41  5:20  Bunker  
  42  5:23  Marine  
  42  5:26  Missile Turret, SCV  
  44  5:38  SCV  
  44  5:40  Starport  
  45  5:43  Marine, Marauder  
  45  5:45  SCV  
  49  5:50  Barracks Reactor  
  49  5:51  Barracks Reactor  
  49  5:54  Supply Depot  
  49  5:57  SCV x2  
  51  6:09  SCV x2  
  53  6:11  Concussive Shells  
  52  6:25  Marine, Marauder  
  40  6:42  Marine  
  40  6:43  Marine x4  
  40  6:46  Marauder  
  40  6:57  SCV  
  40  7:01  Marine x4  
  35  7:08  Marauder  
  30  7:10  Marine, SCV  
  18  7:19  Marine x2  
  18  7:20  SCV  
  18  7:22  SCV  
  18  7:29  Marauder  
  16  7:34  SCV  
  11  7:46  SCV  
  12  7:58  SCV  
Show
View Real Time Build Order
Export as new Build Order

Mesrob Protoss - Winner!

Build Orders:  

Get SALT Encoding   

  12  0:01  Probe  
  13  0:14  Probe  
  14  0:22  Pylon  
  14  0:23  Probe  
  15  0:36  Probe  
  16  0:45  Gateway  
  16  0:48  Probe  
  17  0:50  Pylon  
  17  1:00  Assimilator  
  17  1:05  Probe  
  18  1:17  Probe  
  19  1:21  Assimilator  
  19  1:29  Probe  
  20  1:41  Cybernetics Core  
  20  1:45  Zealot  
  22  1:57  Probe  
  23  2:07  Nexus  
  23  2:09  Probe  
  24  2:17  Stalker  
  24  2:21  Probe  
  27  2:24  Warp Gate  
  27  2:33  Probe  
  28  2:40  Pylon  
  28  2:44  Pylon  
  27  2:47  Pylon  
  27  2:56  Pylon  
  27  3:05  Probe  
  28  3:13  Stalker  
  28  3:15  Probe  
  28  3:19  Probe  
  32  3:23  Probe  
  32  3:27  Probe  
  32  3:31  Probe  
  34  3:36  Probe  
  36  3:44  Probe  
  36  3:45  Probe  
  36  3:46  Gateway  
  36  3:48  Gateway  
  38  3:55  Sentry  
  38  3:56  Probe  
  38  3:59  Probe  
  42  4:03  Assimilator  
  42  4:07  Assimilator  
  42  4:11  Probe  
  42  4:12  Gateway  
  42  4:15  Gateway  
  43  4:20  Probe  
  44  4:33  Probe  
  45  4:45  Probe  
  46  4:57  Probe  
  47  5:01  Stalker  
  47  5:02  Stalker  
  47  5:03  Stalker  
  47  5:06  Pylon  
  53  5:14  Nexus  
  53  5:34  Stalker  
  53  5:35  Sentry x2  
  59  5:36  Sentry  
  59  5:38  Stalker  
  63  5:53  Robotics Facility  
  63  5:56  Pylon  
  63  6:01  Stalker x3  
  63  6:02  Stalker  
  63  6:03  Zealot  
  61  7:12  Stalker  
  61  7:13  Stalker x3  
  61  7:14  Stalker  
Tags
 
League
Gold
Matchup
PvT
Replay Pack
sc2 replays
Spawn Locations
Cross Positions
Add a new tag
Caveats
  • Supply blocks, unpowered buildings, or Contaminate may cause inaccurate times.
  • Supply counts are checked every 10 seconds.